 Dungeon Crawl Stone Soup version 0.19-a0-1767-gb375097 (webtiles) character file.

1771 Bzzzz the Covert (level 8, -2/42 HPs)
             Began as a Spriggan Assassin on Oct 2, 2016.
             Killed by divine providence
             ... invoked by an orc priest
              (14 damage)
             ... on level 5 of the Dungeon.
             The game lasted 00:18:35 (7121 turns).

Bzzzz the Covert (Spriggan Assassin)                Turns: 7121, Time: 00:18:36

Health: -2/42      AC:  8    Str:  7    XL:     8   Next: 80%
Magic:  9/9        EV: 24    Int: 12    God:
Gold:   268        SH:  0    Dex: 22    Spells: 0 memorised, 7 levels left

rFire  . . .     SeeInvis +     m - +1 dagger (venom)
rCold  . . .     Gourm    .     c - +0 robe
rNeg   . . .     Faith    +     (shield restricted)
rPois  .         Spirit   .     (helmet restricted)
rElec  .         Dismiss  .     d - +1 cloak
rCorr  .         Reflect  .     (gloves unavailable)
MR     +....     Harm     .     (boots unavailable)
Stlth  +++++++...               l - amulet of faith (curse)
                                p - +4 ring of protection
                                j - ring of stealth

@: very quick
A: unfitting armour, see invisible, agile 1, blink, deterioration 1, herbivore
3, speed 3, slow metabolism 2
a: Blink


You were on level 5 of the Dungeon.
You were hungry.

You visited 2 branches of the dungeon, and saw 6 of its levels.

You collected 268 gold pieces.

Inventory:

Hand Weapons
 a - a +2 dagger
 b - a +1 blowgun
 f - a +1 whip of freezing
 m - a +1 dagger of venom (weapon)
Missiles
 e - 16 poisoned needles
Armour
 c - a +0 robe (worn)
 d - a +1 cloak (worn)
Jewellery
 j - a ring of stealth (left hand)
 l - a cursed amulet of faith (around neck)
 p - a +4 ring of protection (right hand)
 q - an uncursed amulet of the gourmand {unknown}
Wands
 n - a wand of flame (33/48)
Scrolls
 k - 3 scrolls of blinking
 s - a scroll of identify
 t - 2 scrolls of teleportation
Potions
 i - a potion of brilliance
 o - a potion of agility
 r - a potion of cure mutation {unknown}
Comestibles
 g - 4 bread rations
 h - 4 fruits


   Skills:
 + Level 4.2 Fighting
 + Level 5.6 Short Blades
 + Level 5.1 Throwing
 + Level 6.7 Dodging
 * Level 11.2 Stealth


You had 7 spell levels left.
You didn't know any spells.

Dungeon Overview and Level Annotations

Branches:
Dungeon (5/15)             Temple (1/1) D:5

Altars:
Cheibriados
Dithmenos
Fedhas
Hepliaklqana
Makhleb
Nemelex Xobeh
Qazlal
Sif Muna
Uskayaw
Vehumet
Xom
Yredelemnul
Zin

Annotations:
D:3 cortexin's ghost, amateur KoHu


Innate Abilities, Weirdness & Mutations

You are very small and have problems with some larger weapons.
You are too small for most types of armour.
You have supernaturally acute eyesight. (SInv)
You are a herbivore.
You cover ground extremely quickly.
You need consume almost no food.
You are agile. (Dex +2)
You can translocate small distances at will.
Your body sometimes deteriorates upon taking damage.


Message History

You hit the orc priest.
The orc priest looks as sick as possible!
The orc priest is moderately wounded.
The orc completely misses you.
You hit the orc priest but do no damage.
The orc priest looks as sick as possible!
The orc priest is moderately wounded.
The orc priest completely misses you.
You hit the orc priest but do no damage.
The orc priest is moderately wounded.
The orc misses you. The orc hits you with a hand axe.
The orc priest hits you but does no damage.
You hit the orc priest.
The orc priest looks as sick as possible!
The orc priest is almost dead.
The orc hits you with a club.
* * * LOW HITPOINT WARNING * * *
The orc priest calls down the wrath of Beogh upon you.
Beogh smites you!
You die...

.......... ..........
...... .......... .....
# ##...###... #...# ..#
#...# ... #...# ...#
##...###...###...###..#
......................#
...............oo.....#
...............o@.....#
##...###...###...###..#
#...# #...# #...# ..#
##...###...###...###..##
.......................#
†......................#
.......................#
##...###...###...###...
#...# #...# #...# ...


You could see an orc priest and 2 orcs.

Vanquished Creatures
  Pikel (D:4)
  Grinder (D:3)
  Sigmund (D:2)
  Edmund (D:4)
  A slave (D:4)
  2 ogres
  A centaur (D:5)
  2 scorpions
  A crimson imp (D:5)
  3 hounds (D:4)
  2 jellies
  An orc wizard (D:5)
  A bullfrog skeleton (D:5)
  Ijyb (D:2)
  3 worker ants
  A hound skeleton (D:4)
  7 adders
  A shadow imp (D:5)
  2 oozes
  5 worms
  6 leopard geckos
  9 orcs
  6 giant cockroaches
  6 goblins
  8 hobgoblins
  6 jackals
  3 quokkas
  3 ball pythons
  8 bats
  6 frilled lizards
  12 kobolds
  A quokka skeleton (D:4)
  2 rats
114 creatures vanquished.

Vanquished Creatures (others)
  A bullfrog skeleton (D:4)
1 creature vanquished.

Grand Total: 115 creatures vanquished

Notes
Turn   | Place    | Note
-------+----------+-------------------------------------------
     0 | D:1      | Bzzzz the Spriggan Assassin began the quest for the Orb.
     0 | D:1      | Reached XP level 1. HP: 10/10 MP: 2/2
    54 | D:1      | Reached skill level 6 in Stealth
   156 | D:1      | Reached XP level 2. HP: 10/15 MP: 3/3
   851 | D:2      | Reached XP level 3. HP: 18/18 MP: 4/4
  1181 | D:2      | Noticed Ijyb
  1188 | D:2      | Killed Ijyb
  1188 | D:2      | Reached XP level 4. HP: 23/23 MP: 5/5
  1974 | D:2      | Noticed Sigmund
  2001 | D:2      | Killed Sigmund
  2001 | D:2      | Reached skill level 7 in Stealth
  2001 | D:2      | Reached XP level 5. HP: 21/27 MP: 6/6
  2402 | D:3      | Reached XP level 6. HP: 32/32 MP: 7/7
  2960 | D:3      | Noticed cortexin's ghost (amateur KoHu)
  4045 | D:3      | Noticed Grinder
  4062 | D:3      | Paralysed by Grinder for 3 turns
  4086 | D:3      | Gained mutation: You can translocate small distances at will. [potion of mutation]
  4086 | D:3      | Gained mutation: You are agile. (Dex +2) [potion of mutation]
  4086 | D:3      | Gained mutation: Your body sometimes deteriorates upon taking damage. [potion of mutation]
  4089 | D:3      | Killed Grinder
  4089 | D:3      | Reached skill level 8 in Stealth
  4465 | D:3      | Reached XP level 7. HP: 31/36 MP: 8/8
  5298 | D:4      | Reached skill level 9 in Stealth
  5397 | D:4      | Found a blossoming altar of Fedhas.
  5491 | D:4      | Reached skill level 5 in Dodging
  5843 | D:4      | Noticed Edmund
  5884 | D:4      | Killed Edmund
  5903 | D:4      | Noticed Pikel
  5926 | D:4      | Killed Pikel
  5926 | D:4      | Reached skill level 5 in Short Blades
  5926 | D:4      | Reached skill level 10 in Stealth
  5926 | D:4      | Reached XP level 8. HP: 32/42 MP: 9/9
  6283 | D:5      | Entered Level 5 of the Dungeon
  6500 | D:5      | Reached skill level 11 in Stealth
  6548 | D:5      | Reached skill level 5 in Throwing
  6583 | D:5      | Found a staircase to the Ecumenical Temple.
  6593 | Temple   | Entered the Ecumenical Temple
  7121 | D:5      | Killed from afar by an orc priest

Vault maps used:
D:1:      dpeg_arrival_arbitrary_c
D:2:      minmay_misc_feat_plants, uniq_iyjb, uniq_sigmund
D:3:      minmay_diamond_boxcup, first_bread, kennysheep_generic_room_16,
          uniq_grinder
D:4:      lemuel_round_altar, uniq_edmund, uniq_pikel
D:5:      kennysheep_boxes
Temple:   nicolae_temple_hex_pool

Skill      XL: |  1  2  3  4  5  6  7  8 |
---------------+-------------------------+-----
Stealth        | 6 7 8 10 11 | 11.2
Dodging        | 2 3 4 6 |  6.7
Fighting       | 2 3 4 |  4.2
Short Blades   | 3 5 |  5.6
Throwing       | 3 4 5 |  5.1

Action                   |  1- 3 |  4- 6 |  7- 9 || total
-------------------------+-------+-------+-------++-------
Melee: Dagger            |    88 |   242 |   173 ||   503
 Fire: Blowgun           |       |    11 |    17 ||    28
  Use: Scroll            |     2 |     7 |     5 ||    14
       Potion            |       |     7 |       ||     7
 Stab: Sleeping          |     9 |    14 |    13 ||    36
       Distracted        |     1 |     2 |       ||     3
  Eat: Pizza             |       |     1 |       ||     1
       Royal jelly       |       |       |     1 ||     1
Armor: Robe              |     8 |    32 |    17 ||    57
Dodge: Dodged            |    68 |   128 |   135 ||   331
